 Dungeon Crawl Stone Soup version 0.31-a0-988-g08d55dae12 (webtiles) character file.

Game seed: 10780149178363133140

50694 Armakuni the Holy Warrior (level 14, -11/98 HPs)
             Began as a Human Wanderer on Nov 4, 2023.
             Was a Priest of the Shining One.
             Mangled by a wolf (23 damage)
             ... on level 5 of the Lair of Beasts.
             The game lasted 00:44:38 (18596 turns).

Armakuni the Holy Warrior (Human Wanderer)         Turns: 18596, Time: 00:44:39

Health: -11/98     AC:  6    Str: 18    XL:     14   Next: 98%
Magic:  26/26      EV:  2    Int: 12    God:    the Shining One [***...]
Gold:   834        SH:  0    Dex: 16    Spells: 17/17 levels left

rFire   + . .        a - +9 eveningstar
rCold   + + +        x - +1 buckler
rNeg    + . .        K - quicksilver dragon scales
rPois   +            M - +2 hat
rElec   .            r - scarf {rC+ rF+}
rCorr   .            l - +2 pair of gloves
SInv    .            (no boots)
Will    ++...        U - amulet of faith
Stlth   +            J - ring of Darkness {rC++ Str-3 Dex+6}
HPRegen 0.36/turn    P - ring of poison resistance
MPRegen 0.20/turn

%: faith
@: sleeping, corroded, glowing
A: no striking features
a: Renounce Religion, Divine Shield, Cleansing Flame


You were on level 5 of the Lair of Beasts.
You worshipped the Shining One.
The Shining One was most pleased with you.
You visited 4 branches of the dungeon, and saw 17 of its levels.
You also visited: Bailey.

You collected 834 gold pieces.

Inventory:

Hand Weapons
 a - a +9 eveningstar (weapon)
Missiles
 h - 14 boomerangs
 s - 5 throwing nets
 Q - 5 javelins
Armour
 l - a +2 pair of gloves (worn)
 r - a scarf of resistance (worn)
 x - a +1 buckler (worn)
 K - quicksilver dragon scales (worn)
 M - a +2 hat (worn)
Magical Staves
 C - a staff of fire
Jewellery
 I - a ring of see invisible
 J - the ring of Darkness (left hand) {rC++ Str-3 Dex+6}
   (You acquired it on level 3 of the Dungeon)

   [ring of dexterity]

   Str-3:     It affects your strength (-3).
   Dex+6:     It affects your dexterity (+6).
   rC++:      It greatly protects you from cold.
 P - a ring of poison resistance (right hand)
 U - an amulet of faith (around neck)
Wands
 m - a wand of mindburst (6)
 p - a wand of polymorph (6)
 v - a wand of paralysis (11)
 F - a wand of flame (19) (quivered)
Scrolls
 b - 4 scrolls of silence
 c - a scroll of vulnerability
 g - a scroll of blinking
 n - a scroll of fog
 q - 10 scrolls of teleportation
 t - 2 scrolls of summoning
 y - 2 scrolls of poison
 D - a scroll of immolation
 E - 2 scrolls of noise
 H - 6 scrolls of revelation
Potions
 d - 2 potions of lignification
 e - 6 potions of resistance
 f - 3 potions of curing
 i - a potion of magic
 j - a potion of ambrosia
 o - 3 potions of heal wounds
 u - a potion of brilliance
 w - 9 potions of haste
 B - 2 potions of mutation {unknown}
 G - 3 potions of enlightenment {unknown}
 L - a potion of cancellation {unknown}
Miscellaneous
 k - a phantom mirror
 A - a lightning rod (inert)


   Skills:
 - Level 5.0 Fighting
 + Level 15.5 Maces & Flails
 - Level 10.0 Armour
 - Level 5.0 Dodging
 - Level 4.0 Shields
 - Level 2.0 Spellcasting
 - Level 2.0 Transmutations
 - Level 2.0 Fire Magic
 - Level 16.9 Invocations


You had 17 spell levels left.
You didn't know any spells.
Your spell library contained the following spells:

 Spells                   Type           Power      Damage    Failure   Level
 Foxfire                  Conj/Fire      12%        2x1d4     34%         1
 Sting                    Tmut/Pois      12%        1d3       34%         1
 Wereblood                Tmut           6%         N/A       34%         2
 Freeze                   Ice            4%         1d3       47%         1
 Necrotise                Necr           4%         1d4       47%         1
 Sandblast                Erth           2%         2d4       47%         1
 Passwall                 Tmut/Erth      2%         N/A       47%         2
 Cigotuvi's Dreadful Rot  Necr/Pois/Air  2%         N/A       63%         2
 Ensorcelled Hibernation  Hex/Ice        2%         N/A       63%         2
 Lesser Beckoning         Tloc           2%         N/A       63%         2
 Ignite Poison            Fire/Tmut/Pois 4%         N/A       67%         3
 Inner Flame              Hex/Fire       3%         N/A       71%         3
 Frozen Ramparts          Ice            2%         1d1       85%         3
 Gell's Gravitas          Tloc           1%         N/A       85%         3
 Hailstorm                Conj/Ice       1%         3d3       85%         3
 Ozocubu's Armour         Ice            1%         N/A       85%         3
 Stone Arrow              Conj/Erth      2%         3d7       85%         3
 Swiftness                Air            1%         N/A       85%         3
 Teleport Other           Tloc           1%         N/A       85%         3
 Vampiric Draining        Necr           1%         2d6       85%         3
 Sticky Flame             Conj/Fire      3%         2d3       98%         4
 Brom's Barrelling Bould  Conj/Erth      1%         2d3       99%         4
 Agony                    Necr           1%         N/A       100%        5
 Freezing Cloud           Conj/Ice/Air   0%         6-21      100%        5
 Irradiate                Conj/Tmut      1%         3d12      100%        5
 Metabolic Englaciation   Hex/Ice        0%         N/A       100%        5
 Plasma Beam              Fire/Air       1%         2x1d11    100%        6
 Simulacrum               Ice/Necr       0%         N/A       100%        6
 Starburst                Conj/Fire      1%         6d3       100%        6
 Ignition                 Fire           3%         3d4       100%        8


Dungeon Overview and Level Annotations

Branches:
Dungeon (10/15)            Temple (1/1) D:5            Lair (5/5) D:8
  Swamp (0/4) Lair:3        Snake (0/4) Lair:3        Slime (0/5) Lair:5
    Orc (1/2) D:9          Bailey (visited)

Altars:
Ashenzari
Cheibriados
Elyvilon
Fedhas
Hepliaklqana
Kikubaaqudgha
Nemelex Xobeh
Okawaru
Qazlal
Ru
Sif Muna
Uskayaw
Vehumet
Wu Jian
Xom
Yredelemnul
Zin
The Shining One
Jiyva

Annotations:
D:6 3 runed translucent doors, Azuregosa's ghost, novice MfCA
D:7 2 transporters, AceOff's ghost, novice FoFi
Lair:4 exclusion: oklob plant
Lair:5 exclusion: oklob plant


Message History

Press: ? - help, Shift-Dir - straight line, f/p - oklob plant
Aim: an oklob plant (moderately damaged)
The thunderbolt hits the bush!!
The bush is moderately damaged.
The thunderbolt hits the oklob plant!
The oklob plant is heavily damaged.
The lightning rod overheats!
You hear a bleat!
You hear an angry growl.
The oklob plant spits acid at you. The splash of acid misses you.
Okay, then.
A dream sheep comes into view.
A dream sheep comes into view.
The dream sheep shake their wool and sparkle.
You feel drowsy...
You fall asleep.
A dream sheep comes into view.
The oklob plant spits acid at you. The splash of acid hits you!!
You wake up.
The acid corrodes you!
A dream sheep comes into view.
Unknown command.
A wolf comes into view.
The oklob plant spits acid at you. The splash of acid hits you!!
A dream sheep comes into view.
Unknown command.
The wolf howls!
The dream sheep bleats!
A dream sheep comes into view.
The oklob plant spits acid at you. The splash of acid hits you!!
* * * LOW HITPOINT WARNING * * *
The acid corrodes you!
A cane toad comes into view.
The oklob plant spits acid at you. The splash of acid hits you!
* * * LOW HITPOINT WARNING * * *
The acid corrodes you!
The dream sheep shake their wool and sparkle.
You feel drowsy...
You fall asleep.
The dream sheep barely misses you. The wolf bites you!!
You die...

.............#
............................
###.....................#..#.
######.......................
##.#......P..................
.............................
........................%...
.......................PPP
................@Y..../PPP
......P.......#..h.....PPP
......##..#...........Y.!...
.##..†..#....#.......l.......
.#....#............P.........
.##......P#..#.........Y.....
..P...#..##............YY....
.........##.............FY.Y.
.P....P.##.......#.#.....


You could see a komodo dragon, a wolf and 4 dream sheep.

Vanquished Creatures
  Gastronok (Lair:2)
  The ghost of AppleFox63 the Cleaver, a journeyman OgBe of Trog (Lair:2)
  Fannar (Lair:2)
  Harold (Lair:2)
  2 hydras (Lair:5)
  A boulder beetle (Lair:4)
  Urug (Lair:3)
  Nergalle (Lair:2)
  A skyshark (Lair:2)
  2 spriggan druids (Lair:3)
  An orc knight (Bailey)
  9 elephants
  2 molten gargoyles (Lair:4)
  8 black mambas
  A gargoyle (D:9)
  An ice statue (Lair:2)
  24 cane toads
  6 komodo dragons
  A kobold demonologist (D:9)
  A freezing wraith (Lair:2)
  Psyche (D:9)
  3 rime drakes
  2 trolls (D:9)
  6 polar bears
  26 blink frogs
  7 dream sheep (Lair:4)
  A jumping spider (Lair:4)
  A spriggan (Lair:4)
  Sigmund (D:4)
  25 yaks
  4 wyverns
  6 basilisks
  Grum (D:8)
  2 steam dragons
  A naga (Lair:3)
  20 water moccasins
  3 orc warriors (D:9)
  6 ice beasts
  3 black bears
  27 wolves
  5 centaurs
  5 ogres
  2 phantoms (D:4)
  4 kobold brigands
  7 bullfrogs
  2 gnoll sergeants
  A scorpion (D:6)
  A howler monkey (D:5)
  5 lava snakes (Lair:4)
  15 jellies
  7 hounds
  6 orc priests
  Crazy Yiuf (D:3)
  A gnoll bouda (D:4)
  2 iguanas (D:6)
  8 orc wizards
  26 gnolls
  4 adders
  A shadow imp (D:5)
  6 white imps
  4 ufetubi
  A worm (D:2)
  4 dart slugs
  39 orcs
  5 endoplasms
  2 giant cockroaches
  18 goblins
  7 hobgoblins
  3 quokkas
  5 ball pythons
  8 bats
  5 frilled lizards
  15 kobolds
  11 rats
  A spectral goblin (D:3)
449 creatures vanquished.

Vanquished Creatures (collateral kills)
  2 komodo dragons
2 creatures vanquished.

Grand Total: 451 creatures vanquished

Notes
Turn   | Place    | Note
-------+----------+-------------------------------------------
     0 | D:1      | Armakuni the Human Wanderer began the quest for the Orb.
     0 | D:1      | Armakuni set off with the following items: a +0 club, a
                  | scroll of silence, a +0 scale mail; and the following
                  | spells available to memorise: Foxfire, Sting, Wereblood,
                  | Passwall, Inner Flame.
     0 | D:1      | Reached XP level 1. HP: 13/13 MP: 3/3
   138 | D:1      | Reached XP level 2. HP: 19/20 MP: 5/5
   179 | D:1      | Reached skill level 1 in Fighting
   179 | D:1      | Reached skill level 1 in Maces & Flails
   481 | D:1      | Reached XP level 3. HP: 26/26 MP: 6/6
  1149 | D:2      | Reached XP level 4. HP: 33/33 MP: 7/7
  1535 | D:2      | Reached XP level 5. HP: 28/40 MP: 8/8
  1822 | D:3      | Identified a scroll of acquirement
  1822 | D:3      | Acquired the ring of Darkness {rC++ Str-3 Dex+6}
  2049 | D:3      | Found a glowing golden altar of the Shining One.
  2056 | D:3      | Became a worshipper of the Shining One
  2169 | D:3      | Found a hazy altar of Hepliaklqana.
  2220 | D:3      | Noticed an ogre
  2246 | D:3      | Killed an ogre
  2247 | D:3      | Reached XP level 6. HP: 30/48 MP: 9/9
  2354 | D:3      | Found a runed translucent door.
  2355 | D:3      | Noticed Crazy Yiuf
  2367 | D:3      | Killed Crazy Yiuf
  2804 | D:4      | Noticed Sigmund
  2804 | D:4      | Noticed a black bear
  2901 | D:4      | Killed Sigmund
  2902 | D:4      | Reached XP level 7. HP: 49/55 MP: 10/10
  3160 | D:4      | Reached skill level 5 in Fighting
  3160 | D:4      | Reached skill level 5 in Maces & Flails
  3172 | D:4      | HP: 2/56 [gnoll/+0 halberd[a gnoll bouda] (11)]
  3702 | D:5      | Entered Level 5 of the Dungeon
  3786 | D:5      | Found a staircase to the Ecumenical Temple.
  3800 | D:5      | Noticed a wyvern
  3810 | D:5      | Killed a wyvern
  3811 | D:5      | Reached XP level 8. HP: 27/62 MP: 11/11
  3812 | Temple   | Entered the Ecumenical Temple
  4131 | D:5      | Found a glowing silver altar of Zin.
  4373 | D:5      | Reached * piety under the Shining One
  4695 | D:6      | Found a shimmering blue altar of Sif Muna.
  4701 | D:6      | Reached skill level 1 in Shields
  4926 | D:6      | Reached XP level 9. HP: 53/68 MP: 12/12
  5377 | D:6      | Found a runed translucent gate.
  5377 | D:6      | Noticed Azuregosa's ghost (novice MfCA)
  5378 | D:6      | Found a runed translucent gate.
  5379 | D:6      | Found a runed translucent gate.
  6113 | D:7      | Found a transporter.
  6114 | D:7      | Noticed AceOff's ghost (novice FoFi)
  6114 | D:7      | Reached ** piety under the Shining One
  6115 | D:7      | Identified the +0 great mace of Incongruity {heavy, rN+
                  | MP+9}
  6115 | D:7      | Identified the +0 great mace of Evil {pain, +Blink}
  6115 | D:7      | Noticed a two-headed ogre
  6119 | D:7      | Found a transporter.
  6289 | D:7      | Found a radiant altar of Vehumet.
  6617 | D:7      | Found a flagged portal.
  6728 | Bailey   | Entered a bailey
  6909 | Bailey   | Reached skill level 1 in Invocations
  7220 | Bailey   | Noticed an orc knight
  7241 | Bailey   | Killed an orc knight
  7242 | Bailey   | Reached skill level 3 in Invocations
  7242 | Bailey   | Reached XP level 10. HP: 55/74 MP: 13/13
  7290 | Bailey   | Reached XP level 11. HP: 69/79 MP: 14/14
  7902 | D:8      | Noticed Grum
  7916 | D:8      | Killed Grum
  7953 | D:8      | Reached skill level 5 in Dodging
  8081 | D:8      | Found a staircase to the Lair.
  8292 | D:8      | Found the +2 shield of Resistance {rF++ rC++ Will++}
  8580 | D:9      | Noticed Psyche
  8600 | D:9      | Killed Psyche
  8714 | D:9      | Reached skill level 10 in Armour
  8714 | D:9      | Reached skill level 4 in Invocations
  8740 | D:9      | Found a sacrificial altar of Ru.
  8895 | D:9      | Reached skill level 5 in Invocations
  8955 | D:9      | Found a staircase to the Orcish Mines.
  8991 | D:9      | Reached *** piety under the Shining One
  9024 | D:9      | Reached skill level 6 in Invocations
  9302 | Orc:1    | Entered Level 1 of the Orcish Mines
  9366 | D:10     | Entered Level 10 of the Dungeon
  9371 | D:10     | Noticed a cyclops
  9502 | D:10     | Noticed a boulder beetle
  9502 | D:10     | Noticed a two-headed ogre
  9502 | D:10     | Noticed a deep elf pyromancer
  9509 | D:9      | Reached skill level 7 in Invocations
  9530 | Lair:1   | Entered Level 1 of the Lair of Beasts
  9880 | Lair:1   | Reached skill level 8 in Invocations
  9987 | Lair:1   | Reached XP level 12. HP: 60/86 MP: 18/18
 10216 | Lair:1   | Reached skill level 9 in Invocations
 10599 | Lair:1   | Reached skill level 10 in Invocations
 11399 | Lair:2   | Reached skill level 11 in Invocations
 11527 | Lair:2   | Noticed Harold
 11556 | Lair:2   | Killed Harold
 11759 | Lair:2   | Reached skill level 12 in Invocations
 12054 | Lair:2   | Noticed Nergalle
 12062 | Lair:2   | Killed Nergalle
 12113 | Lair:2   | Reached skill level 13 in Invocations
 12157 | Lair:2   | Reached XP level 13. HP: 42/91 MP: 22/22
 12192 | Lair:2   | Noticed Fannar
 12213 | Lair:2   | Killed Fannar
 12321 | Lair:2   | Noticed Gastronok
 12393 | Lair:2   | Killed Gastronok
 12394 | Lair:2   | Reached skill level 14 in Invocations
 12547 | Lair:2   | Found a runed translucent gate.
 12558 | Lair:2   | Noticed AppleFox63's ghost (journeyman OgBe)
 12564 | Lair:2   | Found a runed translucent gate.
 12564 | Lair:2   | Found a runed translucent gate.
 12991 | Lair:2   | Identified the staff "Hilorgha" {rN+ Dex+3 Necro}
 13392 | Lair:2   | Reached skill level 15 in Invocations
 13398 | Lair:2   | Killed AppleFox63's ghost
 13414 | Lair:2   | Identified the +1 mace "Hydrabane" {freeze, rElec}
 13933 | Lair:3   | Noticed Urug
 14108 | Lair:3   | Killed Urug
 14128 | Lair:3   | Reached skill level 16 in Invocations
 14756 | Lair:3   | Found a staircase to the Snake Pit.
 14954 | Lair:3   | Found a staircase to the Swamp.
 15634 | Lair:4   | Reached XP level 14. HP: 92/98 MP: 26/26
 15959 | Lair:4   | Noticed Nessos
 15960 | Lair:4   | Nessos changed into Nessos the jumping spider
 15960 | Lair:4   | Noticed Nessos
 15978 | Lair:4   | Killed Nessos the jumping spider
 17420 | Lair:5   | Entered Level 5 of the Lair of Beasts
 17577 | Lair:5   | Found a staircase to the Slime Pits.
 17692 | Lair:5   | Found a viscous altar of Jiyva.
 18222 | Lair:5   | Reached skill level 15 in Maces & Flails
 18538 | Lair:5   | Noticed a dire elephant
 18538 | Lair:5   | Noticed a dire elephant
 18539 | Lair:5   | Noticed a dire elephant
 18539 | Lair:5   | Noticed a dire elephant
 18596 | Lair:5   | Mangled by a wolf

Illustrated notes

Levels and vault maps discovered:
D:1:      dpeg_arrival_radiant, layout_rooms, bh_walls_and_bars
D:2:      minmay_diamond_boxcup, layout_loops_ring, minmay_distorted
D:3:      layout_basic, tso_altar, nicolae_hepliaklqana_monster_ancestors,
          minmay_ogre_servants, uniq_crazy_yiuf_cottage
D:4:      layout_cave_pods, minmay_misc_feat_four_crosses, uniq_sigmund
D:5:      layout_loops_cross, kennysheep_mini_moat, temple_fountains,
          dk_noncrumbling_4
D:6:      layout_loops_cross, mainiacjoe_overflow_cross_hatched,
          biasface_ghost_orc_armoury, minivault_1
D:7:      layout_loops_cross, nicolae_vehumet_radiance, gammafunk_ghost_smash,
          enter_bailey_5
D:8:      layout_basic, lair_entry_dummy, uniq_grum
D:9:      layout_irregular_city, mainiacjoe_overflow_catwalk,
          kennysheep_orc_monster_closet_entryway, chequers_mini_garden,
          uniq_psyche
D:10:     layout_irregular_city, grunt_dithmenos_shadows,
          grunt_temple_overflow_diamond, serial_bayou, serial_bayou_pond_d,
          serial_bayou_lagoon_b, serial_bayou_shore_b, serial_bayou_lagoon_a,
          serial_bayou_pond_b, serial_bayou_crossing, serial_shops, shop,
          minmay_bent
Temple:   minmay_temple_forest_path
Lair:1:   layout_cellular_growth, grunt_megastairs_1
Lair:2:   layout_roguey, gammafunk_ghost_split, ice2_lemuel, uniq_harold,
          uniq_gastronok, uniq_nergalle, uniq_fannar
Lair:3:   layout_long_grid, mainiacjoe_swamp_entry_angry_trees,
          guppyfry_snake_entry_island, beast_lair_carwin_7,
          serial_bayou_shore_b, uniq_urug
Lair:4:   cheibrodos_magma_flow, layout_cave_pods,
          grunt_forest_large_clearing_hut, uniq_nessos
Lair:5:   due_jungle_book, layout_gridlike, minmay_slime_entry_jelly_boxes,
          minmay_lair_oklob_bushes, lemuel_fruit_tree
Orc:1:    layout_caves

Skill      XL: |  1  2  3  4  5  6  7  8  9 10 11 12 13 14 |
---------------+-------------------------------------------+-----
Fighting       | 1 2 3 4 5 |  5.0
Maces & Flails | 1 2 3 4 5 9 11 12 15 | 15.5
Armour         | 3 4 9 10 | 10.0
Dodging        | 3 4 5 |  5.0
Shields        | 4 |  4.0
Invocations    | 3 8 13 16 | 16.9
Spellcasting   | |  2.0
Transmutations | |  2.0
Fire Magic     | |  2.0

Action                     |  1- 3 |  4- 6 |  7- 9 | 10-12 | 13-15 || total
---------------------------+-------+-------+-------+-------+-------++-------
  Melee: Club              |    50 |       |       |       |       ||    50
         Short sword       |    51 |   143 |    43 |       |       ||   237
         Punch             |       |     3 |     3 |       |       ||     6
         Whip              |       |       |   352 |   712 |   128 ||  1192
         Flail             |       |       |       |    10 |       ||    10
         Eveningstar       |       |       |       |       |   465 ||   465
         Mace              |       |       |       |       |    66 ||    66
 Invoke: Divine Shield     |       |       |       |     8 |    17 ||    25
         Cleansing Flame   |       |       |       |     2 |    11 ||    13
  Evoke: Wand              |       |       |     2 |     6 |    23 ||    31
         Lightning rod     |       |       |       |       |    10 ||    10
         Phantom mirror    |       |       |       |       |     1 ||     1
    Use: Scroll            |     3 |     8 |     2 |     2 |    11 ||    26
         Potion            |       |     1 |     1 |     2 |     8 ||    12
 Armour: Scale mail        |    71 |    84 |   281 |   129 |       ||   565
         Quicksilver drago |       |       |       |   167 |   400 ||   567
         Skin              |       |       |       |       |     1 ||     1
  Dodge: Dodged            |    56 |    63 |   208 |   244 |   279 ||   850
  Block: Buckler           |       |       |    59 |   167 |   363 ||   589

Table legend: (Time is in decaauts)
 A = Elapsed time spent in this place.
 B = Non-inter-level travel time spent in this place.
 C = Inter-level travel time spent in this place.
 D = Time resting spent in this place.
 E = Time spent auto-exploring this place.
 F = Levels seen in this place.
 G = Mean time per level.
                   A        B        C        D        E       F      G
               +--------+--------+--------+--------+--------+-----+--------+
         Total |  18096 |  17622 |    474 |   3092 |  10310 |  18 | 1005.3 |
       Dungeon |   8526 |   8162 |    364 |    792 |   5292 |  10 |  852.6 |
        Temple |    114 |    114 |      0 |    113 |      0 |   1 |  114.0 |
          Lair |   8743 |   8635 |    108 |   1949 |   4714 |   5 | 1748.6 |
  Orcish Mines |     41 |     41 |      0 |      0 |     25 |   1 |   41.0 |
        Bailey |    669 |    669 |      0 |    237 |    278 |   1 |  669.0 |
               +--------+--------+--------+--------+--------+-----+--------+

Top non-repeatable levels by time:
  Lair:2: 2791 daAuts
  Lair:4: 1868 daAuts
  Lair:1: 1737 daAuts
  Lair:3: 1287 daAuts
     D:6: 1222 daAuts
     D:3: 1150 daAuts
  Lair:5: 1059 daAuts
     D:9: 1047 daAuts
     D:4: 984 daAuts
     D:5: 900 daAuts
     D:2: 894 daAuts
     D:1: 812 daAuts
     D:8: 767 daAuts
     D:7: 738 daAuts
  Bailey: 669 daAuts
